 Dungeon Crawl Stone Soup version 0.29.1-2-gbd0b4ee654 (webtiles) character file.

Game seed: 15925017990492449613

52 sanboga the Trooper (level 3, -2/38 (40) HPs)
             Began as an Ogre Berserker on Nov 22, 2022.
             Was a Believer of Trog.
             Slain by Crazy Yiuf
             ... wielding a +2 quarterstaff of chaos
              (4 damage)
             ... on level 2 of the Dungeon.
             The game lasted 00:01:07 (1564 turns).

sanboga the Trooper (Ogre Berserker)                Turns: 1564, Time: 00:01:07

HP:   -2/38 (40)    AC:  3    Str: 23    XL:     3   Next: 85%
MP:   1/3           EV: 10    Int:  8    God:    Trog [**....]
Gold: 93            SH:  0    Dex:  8    Spells: 2/2 levels left

rFire   . . .      SeeInvis .   a - +0 mace
rCold   . . .      Faith    .   (no shield)
rNeg    . . .      Spirit   .   b - +0 animal skin
rPois   .          Reflect  .   (helmet restricted)
rElec   .          Harm     .   (no cloak)
rCorr   .          Rampage  .   (gloves unavailable)
Will    .....                   (boots unavailable)
Stlth   +.........              (no amulet)
HPRegen 0.12/turn               (no ring)
MPRegen 0.08/turn               (no ring)

@: drained
A: large, unfitting armour, tough skin 1
a: Renounce Religion, Berserk, Trog's Hand


You were on level 2 of the Dungeon.
You worshipped Trog.
Trog was pleased with you.
You visited 1 branch of the dungeon, and saw 2 of its levels.

You collected 93 gold pieces.

Inventory:

Hand Weapons
 a - a +0 mace (weapon)
Armour
 b - a +0 animal skin (worn)
Scrolls
 c - a scroll of teleportation {unknown}
 d - a scroll of immolation {unknown}
 f - 4 scrolls of identify {unknown}
 g - a scroll of poison {unknown}
 h - a scroll of magic mapping {unknown}
 i - 2 scrolls of summoning {unknown}
 l - a scroll of enchant armour {unknown}
 m - a scroll of brand weapon {unknown}
 n - a scroll of butterflies {unknown}
Potions
 e - a potion of cancellation {unknown}
 j - 2 potions of flight {unknown}
 k - a potion of attraction {unknown}


   Skills:
 + Level 4.5 Fighting
 * Level 3.3 Maces & Flails
 + Level 3.0 Dodging
 + Level 1.0 Stealth


You had 2 spell levels left.
You didn't know any spells.
Your spell library was empty.

Dungeon Overview and Level Annotations

Branches:
Dungeon (2/15)

Altars:

Annotations:
D:2 Crazy Yiuf


Innate Abilities, Weirdness & Mutations

You are too large for most types of armour.
You have tough skin. (AC +1)


Message History

Things that are here:
a +0 whip; a stone; a kobold skeleton
Found a hammer.
Found a runed translucent door.
Crazy Yiuf shouts!
There is a stone staircase leading up here.
No reachable target in view!
You open the door.
Crazy Yiuf grits, "Hack!"
You hit Crazy Yiuf but do no damage. Crazy Yiuf barely misses you.
Crazy Yiuf hits you with a +2 quarterstaff of chaos!
You hit Crazy Yiuf.
Crazy Yiuf is lightly wounded.
Crazy Yiuf barely misses you.
You sock Crazy Yiuf!
Crazy Yiuf is heavily wounded.
Crazy Yiuf barely misses you.
You barely miss Crazy Yiuf.
Crazy Yiuf is heavily wounded.
Crazy Yiuf hits you with a +2 quarterstaff of chaos!
You feel drained. Crazy Yiuf closely misses you.
You barely miss Crazy Yiuf.
Crazy Yiuf is heavily wounded.
Crazy Yiuf says, "Ten agre broken!"
Crazy Yiuf hits you with a +2 quarterstaff of chaos.
* * * LOW HITPOINT WARNING * * *
You feel your power leaking away.
You barely miss Crazy Yiuf.
Crazy Yiuf is heavily wounded.
Crazy Yiuf hits you with a +2 quarterstaff of chaos.
* * * LOW HITPOINT WARNING * * *
Crazy Yiuf burns you.
* * * LOW HITPOINT WARNING * * *
You closely miss Crazy Yiuf.
Crazy Yiuf is heavily wounded.
Crazy Yiuf barely misses you.
You sock Crazy Yiuf!
Crazy Yiuf is almost dead.
Crazy Yiuf whimpers, "Shower verde ladder!"
Crazy Yiuf hits you with a +2 quarterstaff of chaos.
You die...

#...## #...# ###.### ###.#
#...# #.# #.### ###
######### #.# #........
#.# #........ #.# ###
♣♣##........ #.# #)..#♣♣
♣♣........... #.#
#...g@♣♣♣♣.........).. #.#
#...#♣..♣.........<... #.#
### ♣♣♣.♣............ #.#
♣♣♣♣♣##........ #.#
#....#..#
#.################..####.#
#...................# #.#
#...................# #.#
#..........÷.......(# #.#


You could see Crazy Yiuf.

Vanquished Creatures
  2 adders (D:2)
  A worm (D:2)
  2 dart slugs
  2 endoplasms
  2 giant cockroaches (D:2)
  2 goblins
  2 kobolds (D:2)
  A quokka (D:1)
  6 ball pythons
  5 frilled lizards
  4 rats
29 creatures vanquished.

Vanquished Creatures (others)
  A plant (D:1)
1 creature vanquished.

Grand Total: 30 creatures vanquished

Notes
Turn   | Place    | Note
-------+----------+-------------------------------------------
     0 | D:1      | sanboga the Ogre Berserker began the quest for the Orb.
     0 | D:1      | Reached XP level 1. HP: 24/24 MP: 1/1
   233 | D:1      | Reached XP level 2. HP: 26/32 MP: 2/2
   539 | D:1      | Found a faded altar of an unknown god.
   837 | D:2      | Reached XP level 3. HP: 35/40 MP: 3/3
  1066 | D:2      | Reached ** piety under Trog
  1067 | D:2      | Reached skill level 1 in Stealth
  1476 | D:2      | Found a runed translucent door.
  1477 | D:2      | Noticed Crazy Yiuf
  1562 | D:2      | HP: 1/38 [Crazy Yiuf/+2 quarterstaff of chaos (3)]
  1564 | D:2      | Slain by Crazy Yiuf

Illustrated notes

Levels and vault maps discovered:
D:1:      dpeg_arrival_line_fractal, layout_loops_ring,
          ebering_ecumenical_altar_mist, nrook_mini_vaults,
          minmay_shallow_snake_nest
D:2:      layout_rooms, uniq_crazy_yiuf_cottage

Skill      XL: |  1  2  3 |
---------------+----------+-----
Maces & Flails | 3 |  3.3
Dodging        | 3 |  3.0
Stealth        | 1 |  1.0
Fighting       | |  4.5

Action                   || total
-------------------------++-------
Melee: Mace              ||    97
 Stab: Sleeping          ||     1
Armor: Animal skin       ||    23
Dodge: Dodged            ||    58
